 Dungeon Crawl Stone Soup version 0.31-a0-188-g5e087ee2ca (webtiles) character file.

Game seed: 14564745991944331162

85 qw the Shooter (level 4, -1/25 HPs)
             Began as a Deep Elf Hunter on June 23, 2023.
             Slain by a goblin
             ... wielding a +0 dagger
              (2 damage)
             ... on level 3 of the Dungeon.
             The game lasted 00:00:40 (1703 turns).

qw the Shooter (Deep Elf Hunter)                    Turns: 1703, Time: 00:00:41

Health: -1/25      AC:  8    Str: 10    XL:     4   Next: 25%
Magic:  6/6        EV: 11    Int: 14    God:
Gold:   37         SH:  0    Dex: 18    Spells: 3/3 levels left

rFire   . . .        Y - +0 shortbow
rCold   . . .        (shield currently unavailable)
rNeg    . . .        h - +0 ring mail
rPois   .            a - +2 hat
rElec   .            (no cloak)
rCorr   .            (no gloves)
SInv    .            k - +0 pair of boots
Will    +....        (no amulet)
Stlth   +            i - ring of willpower
HPRegen 0.24/turn    (no ring)
MPRegen 0.10/turn

%: no passive effects
@: no status effects
A: no striking features
a: no special abilities


You were on level 3 of the Dungeon.
You visited 1 branch of the dungeon, and saw 3 of its levels.

You collected 37 gold pieces.


   Skills:
 - Level 1.5 Fighting
 + Level 7.7 Ranged Weapons
 - Level 2.4 Dodging
 - Level 1.2 Stealth


You had 3 spell levels left.
You didn't know any spells.
Your spell library was empty.

Inventory:

Hand Weapons
 Y - a +0 shortbow (weapon)
Armour
 a - a +2 hat (worn)
 h - a +0 ring mail (worn)
 k - a +0 pair of boots (worn)
Jewellery
 i - a ring of willpower (left hand)
Potions
 e - 2 potions of enlightenment
 l - a potion of mutation {unknown}

Dungeon Overview and Level Annotations

Branches:
Dungeon (3/15)

Altars:

Annotations:
D:3 Ijyb


Message History

You shoot an arrow. The arrow completely misses Ijyb.
Ijyb barely misses you.
The goblin hits you but does no damage. x2
You shoot an arrow. The arrow hits Ijyb but does no damage.
Ijyb misses you. The goblin closely misses you. The goblin barely misses you.
You shoot an arrow. The arrow hits Ijyb.
Ijyb is lightly wounded.
Ijyb zaps a wand.
The puff of flame hits you. The goblin barely misses you.
The goblin completely misses you.
You shoot an arrow. The arrow barely misses Ijyb.
Ijyb barely misses you. The goblin hits you but does no damage.
The goblin misses you.
You shoot an arrow. The arrow barely misses Ijyb.
Ijyb barely misses you.
The goblin hits you but does no damage. x2
You shoot an arrow. The arrow barely misses Ijyb.
Ijyb zaps a wand.
The puff of flame hits you! The goblin barely misses you.
The goblin hits you with a +0 club.
You shoot an arrow. The arrow barely misses Ijyb.
Ijyb hits you but does no damage. The goblin hits you with a +0 dagger.
The goblin hits you with a +0 club. The goblin hits you but does no damage.
Ijyb hits you but does no damage. The goblin misses you.
You shoot an arrow. The arrow hits Ijyb but does no damage.
Ijyb is lightly wounded.
Ijyb hits you with a +0 club.
The goblin hits you but does no damage. x2
You shoot an arrow. The arrow closely misses Ijyb.
Ijyb closely misses you. The goblin closely misses you. The goblin misses you.
You shoot an arrow. The arrow closely misses Ijyb.
Ijyb hits you with a +0 club. The goblin closely misses you.
The goblin misses you.
You shoot an arrow. The arrow closely misses Ijyb.
Ijyb closely misses you. The goblin hits you but does no damage.
The goblin closely misses you.
You shoot an arrow. The arrow hits Ijyb but does no damage.
Ijyb is lightly wounded.
Ijyb barely misses you. The goblin hits you but does no damage.
The goblin barely misses you.
You shoot an arrow. The arrow hits Ijyb but does no damage.
Ijyb is lightly wounded.
Ijyb zaps a wand.
The puff of flame misses you. The goblin hits you with a +0 dagger.
You die...

##.....## ##.......#
####### #........# g.g.
......####^##.....# .g..
#.........###.##.# .gg..
#.##.###..# #....# .....
#..##..# #.####...... #
##.##..# #.####8.....
#.###.##..###).@gg......
#......)...)...gg.......
##.##.##########g.#####.
##...#.####### ...#
....%......... ......
##...#.#########...###
##.##.# ##..# ######.#
##.# #......# .#


You could see Ijyb and 4 goblins.

Vanquished Creatures
  4 adders
  A dart slug (D:1)
  2 orcs (D:3)
  6 ball pythons
  2 endoplasms
  4 hobgoblins
  A jackal (D:1)
  5 kobolds
  A quokka (D:2)
  3 bats
  4 frilled lizards
  9 goblins
  4 rats
46 creatures vanquished.

Notes
Turn   | Place    | Note
-------+----------+-------------------------------------------
     0 | D:1      | qw the Deep Elf Hunter began the quest for the Orb.
     0 | D:1      | Reached XP level 1. HP: 12/12 MP: 3/3
     0 | D:1      | 0 ||| qw: Version: 0.3-a-9-g12657ce
     0 | D:1      | 0 ||| qw: Game counter: 3328
     0 | D:1      | 0 ||| qw: Always use a shield: true
     0 | D:1      | 0 ||| qw: God list: Okawaru
     0 | D:1      | 0 ||| qw: Allow faded altars: false
     0 | D:1      | 0 ||| qw: Do Orc after D:15 true
     0 | D:1      | 0 ||| qw: Do second Lair branch before Depths: true
     0 | D:1      | 0 ||| qw: Lair rune preference: random
     0 | D:1      | 0 ||| qw: Plans: Normal
     0 | D:1      | 0 ||| PLANNING D:1-11
   148 | D:1      | Reached XP level 2. HP: 16/16 MP: 4/4
   168 | D:1      | Reached skill level 6 in Ranged Weapons
   664 | D:1      | 664 ||| UPGRADING to +0 ring mail.
   674 | D:1      | 674 ||| DROPPING +0 leather armour.
   675 | D:1      | 675 ||| UPGRADING to +0 pair of boots.
   680 | D:1      | 680 ||| UPGRADING to ring of willpower.
   681 | D:1      | 681 ||| READING scroll labelled JAUBREF MEEF.
   682 | D:1      | 682 ||| READING 2 scrolls labelled IKUENA ATZOH.
   683 | D:1      | 683 ||| READING scroll labelled HIATEN ROSEUC.
   684 | D:1      | 684 ||| READING scroll labelled BOASSIANIX.
   685 | D:1      | 685 ||| DRINKING 3 black potions.
   686 | D:1      | 686 ||| DRINKING 3 metallic golden potions.
   717 | D:1      | 717 ||| DROPPING scroll of butterflies.
   718 | D:1      | 718 ||| DROPPING scroll of poison.
   719 | D:1      | 719 ||| DROPPING 2 potions of lignification.
   864 | D:2      | Reached XP level 3. HP: 12/20 MP: 5/5
  1126 | D:2      | Reached skill level 7 in Ranged Weapons
  1544 | D:2      | 1544 ||| UPGRADING to +2 hat.
  1549 | D:2      | 1549 ||| READING scroll labelled TAELOMMACS.
  1565 | D:3      | 1565 ||| STAIRDANCE
  1598 | D:3      | Reached XP level 4. HP: 25/25 MP: 6/6
  1669 | D:3      | Identified the +2 mace "Onnoas" {freeze, Fragile rElec
                  | Str+3 Int+2}
  1675 | D:3      | Noticed Ijyb
  1676 | D:3      | 1676 ||| Stepping ~*~*~tactically~*~*~ (outnumbered).
  1697 | D:3      | HP: 6/25 [goblin/+0 club (2)]
  1698 | D:3      | HP: 1/25 [Ijyb/+0 club (5)]
  1703 | D:3      | Slain by a goblin

Levels and vault maps discovered:
D:1:      minmay_arrival_shattered_statue, layout_basic, st_stairs_13
D:2:      layout_loops_corners, minmay_crystal_water,
          nicolae_elevator_lobby_plus
D:3:      kennysheep_the_goblin_king, layout_loops_corners,
          minmay_misc_feat_roman

Skill      XL: |  1  2  3 |
---------------+----------+-----
Ranged Weapons | 6 7 |  7.7
Fighting       | |  1.5
Dodging        | |  2.4
Stealth        | |  1.2

Action                     |  1- 3 |  4- 6 || total
---------------------------+-------+-------++-------
   Fire: Shortbow          |   104 |    37 ||   141
    Use: Scroll            |     5 |       ||     5
         Potion            |     2 |       ||     2
 Armour: Ring mail         |     8 |    22 ||    30
         Leather armour    |     3 |       ||     3
  Dodge: Dodged            |    28 |    30 ||    58

Table legend:
 A = Non-vault XP
 B = Vault XP
 C = Vault XP percentage of total XP
 D = Non-vault monster count
 E = Vault monster count
 F = Vault count percentage of total count
                 A         B        C        D         E       F
            +---------+---------+-------+---------+---------+-------
      Total |     115 |       7 |   5.7 |      42 |       4 |   8.7
            +---------+---------+-------+---------+---------+-------
        D:1 |      26 |       3 |  10.3 |      15 |       2 |  11.8
        D:2 |      65 |       0 |   0.0 |      21 |       0 |   0.0
        D:3 |      24 |       4 |  14.3 |       6 |       2 |  25.0
            +---------+---------+-------+---------+---------+-------
